 Dungeon Crawl Stone Soup version 0.21-a0-632-g1e37ce5 (webtiles) character file.

497964 Charly the Executioner (level 23, -7/156 HPs)
             Began as a Deep Dwarf Fighter on Dec 28, 2017.
             Was a High Priest of Makhleb.
             Mangled by a seraph
             ... wielding a +5 great sword of flaming
              (18 damage)
             ... on level 15 of the Dungeon.
             The game lasted 02:34:56 (10306 turns).

Charly the Executioner (Deep Dwarf Fighter)        Turns: 10306, Time: 02:34:57

Health: -7/156     AC: 36    Str: 24 (26) XL:     23   Next: 70%
Magic:  12/12      EV: 23    Int:  4 (12) God:    Makhleb [*****.]
Gold:   362        SH: 26    Dex: 14 (15) Spells: 22/22 levels left

rFire    . . .     SeeInvis .   a - +6 broad axe (flame)
rCold    + + +     Gourm    .   p - +4 large shield
rNeg     + . .     Faith    .   s - +10 shadow dragon scales "Qaukhag" {Int+6 Stlth++++}
rPois    +         Spirit   .   A - +0 helmet "Ufemoni" {*Slow rElec rCorr Str+2}
rElec    +         Reflect  .   H - +2 cloak {rC+}
rCorr    +         Harm     .   k - +2 pair of gloves
MR       +++++     Rnd*Rage +   z - +0 pair of boots "Yshacoac" {*Slow rPois Dex+4} Stlth +.........Rnd*Tele +
                                M - necklace of Bloodlust {*Rage +Rage MR++ Int-3 Slay+6 *Curse} (curse)
HPRegen  0.00/turn              h - +6 ring of evasion
MPRegen  0.13/turn              y - +5 ring of intelligence

@: berserk cooldown, non-regenerating, slowed, glowing, very slow
A: damage resistance, heal wounds, molten scales 1, berserk 3, blurry vision 3,
clumsy 2, cold resistance 2, deformed body, deterioration 2, dopey 2, frail 3,
low mp 3, negative energy resistance 1, sense surroundings 3, screaming 3,
teleportitis 2, weak 2, no potion heal 3, subdued magic 3, MP-powered wands, no
regeneration
0: Orb of Zot
}: 3/15 runes: decaying, serpentine, silver
a: Heal Wounds, Minor Destruction, Lesser Servant of Makhleb, Major Destruction,
Greater Servant of Makhleb, Renounce Religion, Evoke Berserk Rage


You were on level 15 of the Dungeon.
You worshipped Makhleb.
Makhleb was extremely pleased with you.
You were not hungry.

You visited 8 branches of the dungeon, and saw 45 of its levels.
You also visited: Ice Cave and Volcano.

You collected 362 gold pieces.

Inventory:

Hand Weapons
 a - a +6 broad axe of flaming (weapon)
Armour
 k - a +2 pair of gloves (worn)
 p - a +4 large shield (worn)
 s - the +10 shadow dragon scales "Qaukhag" (worn) {Int+6 Stlth++++}
   (You found it on level 6 of the Lair of Beasts)

   It affects your intelligence (+6).
   It makes you much more stealthy.
 z - the +0 pair of boots "Yshacoac" (worn) {*Slow rPois Dex+4}
   (You found it in a volcano)

   It affects your dexterity (+4).
   It protects you from poison.
   It may slow you when you take damage.
 A - the +0 helmet "Ufemoni" (worn) {*Slow rElec rCorr Str+2}
   (You found it in a volcano)

   It affects your strength (+2).
   It insulates you from electricity.
   It protects you from acid and corrosion.
   It may slow you when you take damage.
 H - a +2 cloak of cold resistance (worn)
Jewellery
 f - an uncursed ring of protection from fire
 h - a +6 ring of evasion (left hand)
 i - an uncursed ring of see invisible
 n - a +4 amulet of reflection
 y - a +5 ring of intelligence (right hand)
 L - the ring "Ruesmythe" {rElec rPois rF+ MP+9 Dex+3}
   (You took it off a deep elf annihilator on level 5 of the Vaults)

   [ring of poison resistance]

   It affects your dexterity (+3).
   It protects you from fire.
   It insulates you from electricity.
   It protects you from poison.
   It affects your magic capacity (+9).
 M - the cursed necklace of Bloodlust (around neck) {*Rage +Rage MR++ Int-3 Slay+6 *Curse}
   (You found it on level 5 of the Vaults)

   [amulet of rage]

   It affects your intelligence (-3).
   It affects your accuracy and damage with ranged weapons and melee attacks
   (+6).
   It affects your resistance to hostile enchantments.
   It lets you go berserk.
   It may make you go berserk in combat.
   It curses itself when equipped.
   It has a curse placed upon it.
Wands
 t - a wand of acid (13)
 E - a wand of iceblast (4)
 O - a wand of clouds (5)
Scrolls
 b - 7 scrolls of remove curse
 g - a scroll of holy word
 G - 2 scrolls of blinking
Potions
 r - 9 potions of curing
 v - a potion of magic
 D - 2 potions of lignification
Miscellaneous
 q - a phial of floods
Comestibles
 N - 11 rations


   Skills:
 + Level 16.6 Fighting
 + Level 21.2 Axes
 + Level 18.6 Armour
 + Level 17.4 Dodging
 + Level 18.6 Shields
 - Level 20.0 Invocations
 - Level 9.2 Evocations


You had 22 spell levels left.
You didn't know any spells.

Dungeon Overview and Level Annotations

Branches:
Dungeon (15/15)            Temple (1/1) D:4            Lair (6/6) D:9
  Swamp (4/4) Lair:4        Snake (4/4) Lair:2       Vaults (5/5) D:13
  Crypt (0/3) Vaults:3     Depths (5/5) D:15            Zot (5/5) Depths:5
  Slime: Lair:5-6       Orc: D:9-12

Altars:
Ashenzari
Dithmenos
Elyvilon
Gozag
Makhleb
Nemelex Xobeh
Okawaru
Sif Muna
Trog
Uskayaw
Vehumet
Wu Jian
Xom
Yredelemnul
Zin

Shops:
D:5 [   D:14 *   Snake:1 }=}   Snake:4 =   Vaults:4 *

Portals:
Hell: Depths:1
Abyss: Depths:1
Pandemonium: Depths:2
Bazaar: Snake:3

Annotations:
Lair:4 mtoz's ghost, journeyman MiBe
Lair:6 Rupert
Depths:2 1 runed door


Innate Abilities, Weirdness & Mutations

You are resistant to damage.
You can heal yourself by infusing magical energy.
You resist negative energy. (rN+)
You passively map a large area around you.
You do not regenerate.
You are partially covered in molten scales. (AC +2)
You have an uncontrollable temper.
Scrolls take you much longer to read.
You are very clumsy. (Dex -4)
Your flesh is very cold resistant. (rC++)
Armour fits poorly on your strangely shaped body.
Your body often deteriorates upon taking damage.
You are very dopey. (Int -4)
You are extremely frail. (-30% HP)
Your magical capacity is extremely low. (-30% MP)
You frequently scream uncontrollably at your foes.
You are sometimes teleported next to monsters.
You are very weak. (Str -4)
Potions cannot restore your health.
Your spells are much easier to cast, but much less powerful.
You expend magic power (3 MP) to strengthen your wands.


Message History

You block the angel's attack.
The two-headed ogre hits you but does no damage.
The two-headed ogre misses you.
The daeva calls down the wrath of the Shining One upon you.
The Shining One smites you!
* * * LOW HITPOINT WARNING * * *
You block the seraph's attack. x2
Unknown command.
Unknown command.
You feel much better.
The angel no longer looks unusually strong.
The angel burns!
The angel stops burning.
You block the angel's attack. x3
The angel hits you but does no damage.
The daeva calls down the wrath of the Shining One upon you.
The Shining One smites you!
The seraph hits you with a great sword of flaming!!!
* * * LOW HITPOINT WARNING * * *
Your body deteriorates!
You feel weakened. The seraph burns you!!
You die...

#.....#...#,,,,,,,,,,,,,,,,,*
#.....#...#,,,,,,,,,,,,,,,,,*
#.....#...##+###,,,,,,,,,,,,*
#.....#...##...+,,,,,,,,,,,,*
*,,,,,#...##...#,,,,,,,,,,,,*
*,,,,,#....#...#######(.....#
*,,,,,#....#.........#......#
*,,,,,#...##+A.##....#......##
*,,,,,#.....8@AP.....+........
**+*####...AAAO..P..##........
*,..........A.....P.........$
*,.....P8.......8..8.........
*.......P..P)................
*.........P.8).......######..
*............>..8.8..#,,,,#..
*...##.....(..8.[....#,,,,###
*,..*#.8...........P.+,,,,,*.


You could see a seraph, 2 daevas, 2 angels, a cherub and a two-headed ogre.

Vanquished Creatures
  6 pandemonium lords
  5 ancient liches (Zot:5)
  9 orbs of fire
  3 Killer Klowns
  the Lernaean hydra (Swamp:4)
  A curse toe (Zot:5)
  Saint Roka (Depths:1)
  A golden dragon (Zot:1)
  A profane servitor (Zot:3)
  An electric golem (Zot:5)
  5 liches
  22 Orb Guardians
  13 tentacled monstrosities
  An Executioner (Depths:1)
  The ghost of Salmacis the Severer, an adept FoFi of Okawaru (Swamp:4)
  6 titans (Vaults:5)
  2 quicksilver dragons
  10 death cobs
  An eldritch tentacle (Zot:1)
  Frances (Swamp:1)
  The ghost of graki42 the Bludgeoner, an adept MiFi of the Shining One (Swamp:4)
  Agnes (Snake:4)
  A thorn hunter (Swamp:1)
  6 tengu reavers
  9 shadow dragons
  8 storm dragons
  10 nagarajas
  4 draconian monks
  3 fire giants
  2 draconian scorchers
  A frost giant (Depths:4)
  2 ghost moths (Zot:3)
  7 vault wardens
  9 draconian knights
  3 deep elf sorcerers (Vaults:5)
  2 draconian shifters
  8 ironheart preservers
  A reaper (Depths:2)
  4 draconian stormcallers
  10 stone giants
  A war gargoyle (Vaults:5)
  6 draconian annihilators
  6 very ugly things
  An entropy weaver (Vaults:2)
  A vampire knight (Depths:4)
  5 green draconians
  A deep elf demonologist (Vaults:5)
  9 purple draconians
  10 black draconians
  12 white draconians
  4 red draconians
  5 dire elephants (Lair:6)
  2 deep elf annihilators (Vaults:5)
  The ghost of Lanoc the Cleaver, a journeyman MiMo of Okawaru (D:14)
  2 spark wasps
  5 ettins
  5 yellow draconians
  A green death (Depths:1)
  3 jiangshi (Depths:1)
  Josephine (D:14)
  A deep elf high priest (Vaults:5)
  A fire dragon (Depths:2)
  20 vault guards
  7 yaktaur captains
  3 great orbs of eyes
  16 hydras
  A hell beast (Zot:5)
  A monstrous demonspawn (Zot:5)
  A rakshasa (Depths:1)
  2 ice dragons
  4 naga warriors
  A death knight (Vaults:4)
  13 anacondas
  11 two-headed ogres
  5 deep troll shamans
  4 centaur warriors
  A satyr (shapeshifter) (Vaults:5)
  4 ogre magi
  7 large abominations (Depths:1)
  A death yak (shapeshifter) (Vaults:5)
  4 alligators
  2 vampire magi
  A spriggan berserker (Depths:2)
  6 deep troll earth magi
  2 tengu warriors (D:14)
  6 naga sharpshooters (Snake:4)
  9 shock serpents
  2 soul eaters
  4 deep elf knights (Vaults:5)
  A hell knight (Volcano)
  2 skeletal warriors (D:15)
  3 sun demons
  2 iron trolls (Depths:1)
  2 sixfirhies (Depths:1)
  A salamander mystic (Snake:2)
  7 deep trolls
  4 unseen horrors
  A sea snake (shapeshifter) (Vaults:4)
  A deep troll (shapeshifter) (Vaults:5)
  5 wizards
  3 phantasmal warriors (Vaults:5)
  A spriggan druid (Swamp:4)
  A deep elf archer (Vaults:5)
  2 glowing orange brains (Depths:1)
  A shadow demon (Zot:5)
  3 orc knights
  6 ironbrand convokers
  10 swamp dragons
  3 naga ritualists
  A harpy (shapeshifter) (Vaults:4)
  2 necromancers
  A shadow dragon skeleton (Vaults:4)
  5 mana vipers
  6 ugly things
  A frost giant zombie (D:15)
  11 deep elf magi
  12 slime creatures
  A stone giant zombie (D:15)
  2 manticores
  A fire giant zombie (D:15)
  16 elephants
  4 salamanders
  A cyclops (D:13)
  A frost giant skeleton (D:15)
  9 guardian serpents
  2 smoke demons
  13 moths of wrath
  An ice statue (IceCv)
  4 vault sentinels (Vaults:5)
  2 rust devils
  13 black mambas
  11 naga magi
  9 spiny frogs
  A spiny frog (shapeshifter) (Depths:1)
  A centaur skeleton (D:13)
  2 orange demons (Zot:5)
  An efreet (D:15)
  5 komodo dragons
  A freezing wraith (Vaults:5)
  A kobold demonologist (D:15)
  17 yaktaurs
  A tengu conjurer (D:14)
  A yaktaur skeleton (Vaults:4)
  6 ice devils
  A red devil (Zot:5)
  3 meliai (D:13)
  A tormentor (Depths:1)
  A polar bear (Lair:4)
  5 trolls
  7 tyrant leeches
  9 blink frogs
  14 bog bodies
  A slime creature (shapeshifter) (Vaults:5)
  A human simulacrum (Vaults:1)
  5 hippogriffs
  10 hornets
  A tarantella (Vaults:2)
  A water elemental (Depths:1)
  A shadow (D:13)
  3 redbacks (Vaults:2)
  A redback (shapeshifter) (Vaults:1)
  A spriggan (shapeshifter) (Vaults:2)
  A wyvern (Lair:4)
  19 yaks
  8 spriggans
  5 wraiths (D:14)
  2 basilisks
  2 ynoxinuls (Zot:4)
  2 chaos spawn
  17 vampire mosquitoes
  8 swamp worms
  27 nagas
  An acid dragon (D:13)
  A soldier ant (D:11)
  4 hell hounds (Volcano)
  4 insubstantial wisps (Swamp:1)
  11 water moccasins
  5 porcupines
  3 sky beasts
  An eye of draining (D:9)
  11 swamp drakes
  9 orc warriors
  An eye of draining (shapeshifter) (Depths:5)
  2 ice beasts (D:9)
  A sky beast (shapeshifter) (Depths:4)
  3 black bears
  A necrophage (D:11)
  16 ogres
  8 crocodiles
  9 centaurs
  6 big kobolds
  Blork the orc (D:5)
  8 bullfrogs
  A glowing shapeshifter simulacrum (Vaults:4)
  9 small abominations
  3 scorpions
  A wyvern skeleton (D:9)
  3 killer bees (D:11)
  A howler monkey (shapeshifter) (Vaults:5)
  7 crimson imps
  7 hounds
  A quasit (Depths:3)
  2 bullfrog skeletons
  A centaur zombie (D:12)
  2 jellies
  5 orc priests
  8 orc wizards
  2 iguanas
  7 hell rats (Lair:5)
  3 worker ants
  A hound zombie (D:5)
  A howler monkey skeleton (D:8)
  A gnoll (D:1)
  8 adders
  2 shadow imps
  4 white imps (IceCv)
  4 ufetubi
  An adder skeleton (D:4)
  2 worms
  A dart slug (D:2)
  3 leopard geckos
  43 orcs
  5 bats
  2 giant cockroaches
  3 hobgoblins
  4 jackals (D:4)
  2 quokkas
  5 frilled lizards
  8 goblins (D:3)
  28 kobolds
  A leopard gecko skeleton (D:9)
  2 rats
  A crawling corpse (Vaults:5)
  5 plants
  A withered plant (D:15)
1093 creatures vanquished.

Vanquished Creatures (collateral kills)
  A juggernaut (Depths:5)
  A Killer Klown (Zot:5)
  A bone dragon (Depths:5)
  A lich (Zot:5)
  4 Orb Guardians (Zot:5)
  A titan (Vaults:5)
  A Hell Sentinel (Zot:5)
  3 tengu reavers (Vaults:5)
  3 shadow dragons
  A draconian monk (Depths:5)
  A fire giant (Vaults:5)
  A vault warden (Vaults:5)
  A draconian knight (Zot:5)
  A draconian shifter (Depths:5)
  A draconian annihilator (Depths:5)
  A dire elephant (Lair:6)
  2 spark wasps (Depths:5)
  2 white draconians
  2 red draconians (Zot:1)
  A purple draconian (Depths:5)
  A yellow draconian (Zot:1)
  A small abomination (Vaults:5)
  An ettin (Vaults:5)
  A fire dragon (Depths:5)
  A great orb of eyes (Depths:5)
  An ice dragon (Vaults:5)
  5 vault guards (Vaults:5)
  2 anacondas (Snake:4)
  A deep elf knight (Vaults:5)
  A hell knight (Depths:5)
  A moth of wrath (Zot:1)
  2 naga magi (Snake:4)
  A guardian serpent (Snake:4)
  A guardian serpent (shapeshifter) (Vaults:5)
  A smoke demon (Zot:5)
  A black mamba (Snake:4)
  A troll (D:11)
  2 merfolk (shapeshifter)
  A killer bee (D:11)
  An orc (Vaults:5)
57 creatures vanquished.

Vanquished Creatures (others)
  Vashnia (Snake:4)
  A red draconian (Zot:5)
  2 yaktaur captains (Vaults:5)
  A vault guard (Vaults:5)
  An anaconda (Snake:4)
  2 centaur warriors
  A naga sharpshooter (Snake:4)
  A deep troll (Depths:1)
  A moth of wrath (Zot:5)
  A yaktaur (D:14)
  A spriggan (Swamp:4)
  A neqoxec (Zot:5)
  An ogre (Depths:1)
  A white imp (IceCv)
  5 ufetubi (IceCv)
  A bush (Swamp:4)
  11 fungi
  19 plants
52 creatures vanquished.

Grand Total: 1202 creatures vanquished

Notes
Turn   | Place    | Note
-------+----------+-------------------------------------------
     0 | D:1      | Charly the Deep Dwarf Fighter began the quest for the Orb.
     0 | D:1      | Reached XP level 1. HP: 20/20 MP: 1/1
    41 | D:1      | Reached XP level 2. HP: 21/27 MP: 2/2
    44 | D:1      | Reached skill level 3 in Axes
   155 | D:2      | Found a white marble altar of Elyvilon.
   261 | D:3      | Reached XP level 3. HP: 19/34 MP: 3/3
   429 | D:3      | Reached skill level 4 in Axes
   432 | D:4      | Noticed a scorpion
   447 | D:4      | Killed a scorpion
   447 | D:4      | Reached XP level 4. HP: 39/42 MP: 3/3
   448 | D:4      | Noticed an ogre
   673 | D:4      | Noticed a sky beast
   684 | D:4      | Killed a sky beast
   684 | D:4      | Reached skill level 5 in Axes
   684 | D:4      | Reached XP level 5. HP: 31/50 MP: 3/3
   689 | D:4      | Found a staircase to the Ecumenical Temple.
   700 | D:4      | Reached XP level 6. HP: 34/57 MP: 4/4
   714 | Temple   | Entered the Ecumenical Temple
   734 | Temple   | Became a worshipper of Makhleb the Destroyer
   758 | D:4      | Reached skill level 6 in Axes
   883 | D:5      | Entered Level 5 of the Dungeon
   888 | D:5      | Noticed a sky beast
   900 | D:5      | Killed a sky beast
   900 | D:5      | Reached skill level 7 in Axes
   900 | D:5      | Reached XP level 7. HP: 38/66 MP: 4/4
   933 | D:5      | Reached skill level 5 in Fighting
   977 | D:5      | Noticed Blork the orc
   984 | D:5      | Killed Blork the orc
   984 | D:5      | Reached skill level 8 in Axes
  1001 | D:5      | Found Eriate's Antique Armour Boutique.
  1050 | D:6      | Reached * piety under Makhleb
  1050 | D:6      | Reached XP level 8. HP: 43/75 MP: 5/5
  1232 | D:7      | Found a bloodstained altar of Trog.
  1233 | D:7      | Found a deep blue altar of Sif Muna.
  1238 | D:7      | Reached skill level 9 in Axes
  1239 | D:7      | Found a shattered altar of Ashenzari.
  1285 | D:9      | Reached skill level 10 in Axes
  1298 | D:10     | Entered Level 10 of the Dungeon
  1340 | D:11     | Found a sparkling altar of Nemelex Xobeh.
  1415 | D:11     | Reached skill level 11 in Axes
  1422 | D:11     | Reached ** piety under Makhleb
  1464 | D:11     | Gained mutation: You passively map the area around you. [Deep Dwarf growth]
  1464 | D:11     | Reached XP level 9. HP: 54/81 MP: 6/6
  1472 | D:11     | Noticed a troll
  1502 | D:11     | Killed a troll
  1502 | D:11     | Reached skill level 12 in Axes
  1698 | D:11     | Noticed a troll
  1713 | D:11     | Reached *** piety under Makhleb
  1713 | D:11     | Reached skill level 13 in Axes
  1714 | D:11     | Noticed a two-headed ogre
  1715 | D:11     | Killed a troll
  1723 | D:11     | Killed a two-headed ogre
  1723 | D:11     | Reached skill level 14 in Axes
  1723 | D:11     | Reached XP level 10. HP: 47/88 MP: 7/7
  1918 | D:10     | Noticed a two-headed ogre
  1951 | D:9      | Noticed a two-headed ogre
  1963 | D:9      | Killed a two-headed ogre
  1963 | D:9      | Reached skill level 1 in Dodging
  2097 | D:9      | Found a staircase to the Lair.
  2102 | D:9      | Reached **** piety under Makhleb
  2106 | Lair:1   | Entered Level 1 of the Lair of Beasts
  2186 | Lair:2   | Found a staircase to the Snake Pit.
  2197 | Lair:2   | Reached skill level 15 in Axes
  2197 | Lair:2   | Reached skill level 5 in Armour
  2300 | Lair:2   | Found a dark tunnel.
  2307 | Volcano  | Entered a volcano
  2367 | Volcano  | Noticed a sun demon
  2388 | Volcano  | Killed a sun demon
  2388 | Volcano  | Reached XP level 11. HP: 77/99 MP: 4/4
  2413 | Volcano  | Noticed a hell knight
  2422 | Volcano  | Killed a hell knight
  2439 | Volcano  | Got a pair of encrusted boots
  2445 | Volcano  | Identified the +0 pair of boots "Yshacoac" {*Slow rPois Dex+4} (You found it in a volcano)
  2446 | Volcano  | Got a faintly glowing helmet
  2452 | Volcano  | Identified the +0 helmet "Ufemoni" {*Slow rElec rCorr Str+2} (You found it in a volcano)
  2549 | Lair:4   | Noticed mtoz's ghost (journeyman MiBe)
  2574 | Lair:4   | Noticed a six-headed hydra
  2585 | Lair:4   | Killed a one-headed hydra
  2599 | Lair:4   | Found a staircase to the Swamp.
  2646 | Lair:4   | Reached skill level 16 in Axes
  2672 | Lair:4   | Reached skill level 5 in Shields
  2675 | Lair:4   | Reached ***** piety under Makhleb
  2751 | Lair:5   | Reached skill level 1 in Invocations
  2756 | Lair:5   | Noticed a six-headed hydra
  2756 | Lair:5   | Reached XP level 12. HP: 110/110 MP: 6/6
  2768 | Lair:5   | Killed a two-headed hydra
  2775 | Lair:6   | Entered Level 6 of the Lair of Beasts
  2779 | Lair:6   | Noticed Rupert
  2798 | Lair:6   | Noticed a five-headed hydra
  2809 | Lair:6   | Killed a one-headed hydra
  2810 | Lair:6   | Reached skill level 5 in Invocations
  2890 | Lair:6   | Noticed an anaconda
  2900 | Lair:6   | Killed an anaconda
  2910 | Lair:6   | Noticed a dire elephant
  2910 | Lair:6   | Noticed a dire elephant
  2919 | Lair:6   | Noticed a dire elephant
  2922 | Lair:6   | Killed a dire elephant
  2922 | Lair:6   | Killed a dire elephant
  2922 | Lair:6   | Reached skill level 17 in Axes
  2927 | Lair:6   | Killed a dire elephant
  2964 | Lair:6   | Noticed a dire elephant
  2965 | Lair:6   | Noticed a dire elephant
  2975 | Lair:6   | Killed a dire elephant
  2980 | Lair:6   | Killed a dire elephant
  3005 | Lair:6   | Got smoking shadow dragon scales
  3016 | Lair:6   | Identified the +10 shadow dragon scales "Qaukhag" {Int+6 Stlth++++} (You found it on level 6 of the Lair of Beasts)
  3051 | Lair:6   | Noticed a dire elephant
  3061 | Lair:6   | Killed a dire elephant
  3148 | Lair:6   | Noticed a five-headed hydra
  3165 | Lair:6   | Reached XP level 13. HP: 118/118 MP: 8/8
  3310 | Swamp:1  | Entered Level 1 of the Swamp
  3424 | Swamp:1  | Noticed Frances
  3436 | Swamp:1  | Killed Frances
  3436 | Swamp:1  | Reached skill level 18 in Axes
  3473 | Swamp:2  | Found a frozen archway.
  3521 | IceCv    | Entered an ice cave
  3665 | Swamp:4  | Entered Level 4 of the Swamp
  3666 | Swamp:4  | Noticed Salmacis's ghost (adept FoFi)
  3691 | Swamp:3  | Reached skill level 5 in Dodging
  3797 | Swamp:3  | Noticed a thorn hunter
  3813 | Swamp:4  | Reached skill level 10 in Armour
  3834 | Swamp:4  | Killed Salmacis's ghost
  3834 | Swamp:4  | Reached skill level 10 in Shields
  3834 | Swamp:4  | Gained mutation: You resist negative energy. (rN+) [Deep Dwarf growth]
  3834 | Swamp:4  | Reached XP level 14. HP: 130/130 MP: 9/9
  3892 | Swamp:4  | Reached skill level 10 in Fighting
  3901 | Swamp:4  | Noticed graki42's ghost (adept MiFi)
  3910 | Swamp:4  | Noticed the 27-headed Lernaean hydra
  3914 | Swamp:4  | Reached ****** piety under Makhleb
  3931 | Swamp:4  | Killed the 17-headed Lernaean hydra
  3945 | Swamp:4  | Killed graki42's ghost
  3994 | Swamp:4  | Got a decaying rune of Zot
  4151 | Swamp:1  | Noticed a thorn hunter
  4160 | Swamp:1  | Killed a thorn hunter
  4277 | Snake:1  | Entered Level 1 of the Snake Pit
  4289 | Snake:1  | Found Bohoh's Gadget Emporium.
  4289 | Snake:1  | Found Neiwoemo's Jewellery Shop.
  4290 | Snake:1  | Found Couteol's Gadget Emporium.
  4355 | Snake:2  | Reached XP level 15. HP: 141/141 MP: 10/10
  4481 | Snake:3  | Noticed a nagaraja
  4494 | Snake:3  | Killed a nagaraja
  4495 | Snake:3  | Found a flickering gateway to a bazaar.
  4687 | Snake:4  | Entered Level 4 of the Snake Pit
  4687 | Snake:4  | Noticed Agnes
  4710 | Snake:4  | Killed Agnes
  4745 | Snake:4  | Found Xiocvaot's Jewellery Shoppe.
  4801 | Snake:4  | Noticed a nagaraja
  4822 | Snake:4  | Killed a nagaraja
  4822 | Snake:4  | Reached skill level 10 in Dodging
  4848 | Snake:4  | Noticed a nagaraja
  4865 | Snake:4  | Killed a nagaraja
  4871 | Snake:4  | Noticed a nagaraja
  4885 | Snake:4  | Noticed a nagaraja
  4895 | Snake:4  | Killed a nagaraja
  4902 | Snake:4  | Killed a nagaraja
  4910 | Snake:4  | Reached XP level 16. HP: 152/152 MP: 7/11
  4951 | Snake:4  | Noticed Vashnia
  4976 | Snake:4  | Killed Vashnia
  5004 | Snake:4  | Got a serpentine rune of Zot
  5152 | D:9      | Found an opulent altar of Gozag.
  5396 | D:15     | Entered Level 15 of the Dungeon
  5418 | D:14     | Noticed Lanoc's ghost (journeyman MiMo)
  5451 | D:14     | Killed Lanoc's ghost
  5511 | D:14     | Found Ceneix's General Store.
  5685 | D:14     | Noticed Josephine
  5705 | D:14     | Killed Josephine
  5810 | D:13     | Found a gate to the Vaults.
  5822 | Vaults:1 | Entered Level 1 of the Vaults
  5990 | Vaults:3 | Reached XP level 17. HP: 163/163 MP: 13/13
  6197 | Vaults:4 | Found Usatah's Assorted Antiques.
  6269 | Vaults:5 | Entered Level 5 of the Vaults
  6269 | Vaults:5 | Noticed a tentacled monstrosity
  6271 | Vaults:5 | Noticed a tentacled monstrosity
  6276 | Vaults:5 | Noticed a quicksilver dragon
  6285 | Vaults:5 | Noticed a lich
  6285 | Vaults:5 | Noticed a titan
  6285 | Vaults:5 | Noticed a titan
  6288 | Vaults:5 | Killed a tentacled monstrosity
  6288 | Vaults:5 | Reached skill level 10 in Invocations
  6291 | Vaults:5 | Noticed a titan
  6291 | Vaults:5 | Noticed a tentacled monstrosity
  6293 | Vaults:5 | Killed a quicksilver dragon
  6297 | Vaults:5 | Killed a tentacled monstrosity
  6303 | Vaults:5 | Killed a titan
  6307 | Vaults:5 | Killed a lich
  6311 | Vaults:5 | Noticed a lich
  6313 | Vaults:5 | Noticed a lich
  6313 | Vaults:5 | Killed a tentacled monstrosity
  6314 | Vaults:5 | Killed a titan
  6319 | Vaults:5 | Noticed a lich
  6327 | Vaults:5 | Killed a titan
  6341 | Vaults:5 | Killed a lich
  6342 | Vaults:5 | Killed a lich
  6342 | Vaults:5 | Gained mutation: You passively map a large area around you. [Deep Dwarf growth]
  6342 | Vaults:5 | Reached XP level 18. HP: 171/171 MP: 19/21
  6350 | Vaults:5 | Killed a lich
  6350 | Vaults:5 | Reached skill level 15 in Invocations
  6488 | Vaults:5 | Found the cursed necklace of Bloodlust {*Rage +Rage MR++ Int-3 Slay+6 *Curse}
  6716 | Vaults:5 | Reached skill level 15 in Armour
  6734 | Vaults:5 | Reached XP level 19. HP: 181/181 MP: 23/23
  6741 | Vaults:5 | Reached skill level 15 in Shields
  6886 | Vaults:5 | Got a silver rune of Zot
  6889 | Vaults:5 | Got a pair of fine boots
  6926 | Vaults:5 | Got a steaming silver ring
  6945 | Vaults:5 | Identified the +0 pair of boots of the Hare {rPois} (You found it on level 5 of the Vaults)
  6956 | Vaults:5 | Identified the ring "Ruesmythe" {rElec rPois rF+ MP+9 Dex+3} (You took it off a deep elf annihilator on level 5 of the Vaults)
  7355 | D:15     | Found a staircase to the Depths.
  7383 | Depths:1 | Entered Level 1 of the Depths
  7384 | Depths:1 | Noticed Saint Roka
  7410 | Depths:1 | Killed Saint Roka
  7435 | Depths:1 | Found a gateway to Hell.
  7497 | Depths:2 | Found a runed door.
  7543 | Depths:4 | Reached skill level 1 in Evocations
  7604 | Depths:5 | Entered Level 5 of the Depths
  7612 | Depths:5 | Reached skill level 5 in Evocations
  7656 | Depths:5 | Found a shimmering altar of Xom.
  7669 | Depths:5 | Noticed a juggernaut
  7679 | Depths:5 | Killed a juggernaut
  7696 | Depths:5 | Noticed a bone dragon
  7699 | Depths:5 | Found a gate to the Realm of Zot.
  7716 | Depths:5 | Killed a bone dragon
  7760 | Zot:1    | Entered Level 1 of the Realm of Zot
  7781 | Zot:1    | Reached XP level 20. HP: 190/190 MP: 24/24
  7843 | Zot:1    | Reached skill level 19 in Axes
  7868 | Zot:1    | Noticed a golden dragon
  7878 | Zot:1    | Noticed an orb of fire
  7879 | Zot:1    | Noticed an orb of fire
  7882 | Zot:1    | Gained mutation: Your body sometimes deteriorates upon taking damage. [an orb of fire]
  7894 | Zot:1    | Killed a golden dragon
  7894 | Zot:1    | Gained mutation: Armour fits poorly on your strangely shaped body. [an orb of fire]
  7896 | Zot:1    | Killed an orb of fire
  7899 | Zot:1    | Killed an orb of fire
  7913 | Zot:1    | Lost mutation: Armour fits poorly on your strangely shaped body. [potion of mutation]
  7913 | Zot:1    | Lost mutation: Your body sometimes deteriorates upon taking damage. [potion of mutation]
  7913 | Zot:1    | Gained mutation: You are frail. (-10% HP) [potion of mutation]
  7913 | Zot:1    | Gained mutation: You are partially covered in molten scales. (AC +2) [potion of mutation]
  7913 | Zot:1    | Gained mutation: You have a beak for a mouth. [potion of mutation]
  7913 | Zot:1    | Gained mutation: Your flesh is heat resistant. (rF+) [potion of mutation]
  8088 | Zot:1    | Lost mutation: You are frail. (-10% HP) [potion of mutation]
  8088 | Zot:1    | Lost mutation: Your flesh is heat resistant. (rF+) [potion of mutation]
  8088 | Zot:1    | Lost mutation: You have a beak for a mouth. [potion of mutation]
  8088 | Zot:1    | Gained mutation: Your flesh is heat resistant. (rF+) [potion of mutation]
  8088 | Zot:1    | Gained mutation: Your flesh is cold resistant. (rC+) [potion of mutation]
  8088 | Zot:1    | Gained mutation: Your body sometimes deteriorates upon taking damage. [potion of mutation]
  8088 | Zot:1    | Gained mutation: You are agile. (Dex +2) [potion of mutation]
  8157 | Zot:3    | Noticed a Killer Klown
  8256 | Zot:3    | Killed a Killer Klown
  8267 | Zot:3    | Noticed an orb of fire
  8267 | Zot:3    | Gained mutation: Scrolls take you a little longer to read. [an orb of fire]
  8271 | Zot:3    | Gained mutation: You occasionally shout uncontrollably at your foes. [an orb of fire]
  8279 | Zot:3    | Gained mutation: You are frail. (-10% HP) [an orb of fire]
  8282 | Zot:3    | Gained mutation: You tend to lose your temper in combat. [an orb of fire]
  8283 | Zot:3    | Gained mutation: Potions are less effective at restoring your health. [an orb of fire]
  8300 | Zot:3    | Gained mutation: You often lose your temper in combat. [an orb of fire]
  8302 | Zot:3    | Killed an orb of fire
  8302 | Zot:3    | Reached XP level 21. HP: 99/179 MP: 24/27
  8307 | Zot:3    | Lost mutation: Your flesh is heat resistant. (rF+) [potion of mutation]
  8307 | Zot:3    | Lost mutation: Your body sometimes deteriorates upon taking damage. [potion of mutation]
  8307 | Zot:3    | Gained mutation: Your mind is acute. (Int +2) [potion of mutation]
  8307 | Zot:3    | Gained mutation: Your flesh is very cold resistant. (rC++) [potion of mutation]
  8757 | Zot:5    | Entered Level 5 of the Realm of Zot
  8833 | Zot:5    | Reached skill level 15 in Dodging
  8897 | Zot:5    | Noticed an orb of fire
  8899 | Zot:5    | Gained mutation: Armour fits poorly on your strangely shaped body. [an orb of fire]
  8901 | Zot:5    | Noticed a curse toe
  8908 | Zot:5    | Killed an orb of fire
  8908 | Zot:5    | Reached skill level 15 in Fighting
  8916 | Zot:5    | Killed a curse toe
  8936 | Zot:5    | Noticed an ancient lich
  8958 | Zot:5    | Noticed an orb of fire
  8958 | Zot:5    | Noticed an orb of fire
  8958 | Zot:5    | Noticed an orb of fire
  8958 | Zot:5    | Noticed an orb of fire
  8959 | Zot:5    | Gained mutation: Your body sometimes deteriorates upon taking damage. [an orb of fire]
  8961 | Zot:5    | Gained mutation: You have an uncontrollable temper. [an orb of fire]
  8962 | Zot:5    | Noticed a Killer Klown
  8964 | Zot:5    | Noticed an ancient lich
  8964 | Zot:5    | Gained mutation: Your magical capacity is low. (-10% MP) [an orb of fire]
  8965 | Zot:5    | Gained mutation: You are very frail. (-20% HP) [an orb of fire]
  8966 | Zot:5    | Gained mutation: You are extremely frail. (-30% HP) [an orb of fire]
  8968 | Zot:5    | Gained mutation: Potions are poor at restoring your health. [an orb of fire]
  8968 | Zot:5    | Gained mutation: You are weak. (Str -2) [an orb of fire]
  8968 | Zot:5    | Gained mutation: You expend magic power (3 MP) to strengthen your wands. [an orb of fire]
  8978 | Zot:5    | Gained mutation: Scrolls take you longer to read. [an orb of fire]
  8979 | Zot:5    | Gained mutation: You are very weak. (Str -4) [an orb of fire]
  8986 | Zot:5    | Noticed an orb of fire
  8988 | Zot:5    | Gained mutation: Your body often deteriorates upon taking damage. [an orb of fire]
  8991 | Zot:5    | Noticed an ancient lich
  8993 | Zot:5    | Lost mutation: Your mind is acute. (Int +2) [an orb of fire]
  8997 | Zot:5    | Gained mutation: Scrolls take you much longer to read. [an orb of fire]
  8999 | Zot:5    | Killed an orb of fire
  9015 | Zot:5    | Killed an ancient lich
  9017 | Zot:5    | Gained mutation: Your magical capacity is very low. (-20% MP) [an orb of fire]
  9019 | Zot:5    | Noticed a Killer Klown
  9030 | Zot:5    | Killed an ancient lich
  9030 | Zot:5    | Reached skill level 20 in Axes
  9030 | Zot:5    | Reached XP level 22. HP: 147/147 MP: 19/19
  9035 | Zot:5    | Gained mutation: You are occasionally teleported next to monsters. [an orb of fire]
  9036 | Zot:5    | Lost mutation: You are agile. (Dex +2) [an orb of fire]
  9038 | Zot:5    | Killed an orb of fire
  9045 | Zot:5    | Killed a Killer Klown
  9099 | Zot:5    | Noticed an orb of fire
  9106 | Zot:5    | Gained mutation: Your magical capacity is extremely low. (-30% MP) [an orb of fire]
  9127 | Zot:5    | Gained mutation: You are dopey. (Int -2) [an orb of fire]
  9133 | Zot:5    | Killed an orb of fire
  9146 | Zot:5    | Noticed an ancient lich
  9152 | Zot:5    | Killed an ancient lich
  9327 | Zot:5    | Got the Orb of Zot
  9351 | Zot:5    | Noticed Lonilib the pandemonium lord
  9356 | Zot:5    | Killed an ancient lich
  9364 | Zot:5    | Killed Lonilib the pandemonium lord
  9366 | Zot:5    | Noticed Reirghicw the pandemonium lord
  9378 | Zot:5    | Gained mutation: Potions cannot restore your health. [an orb of fire]
  9380 | Zot:5    | Gained mutation: Your spells are a little easier to cast, but a little less powerful. [an orb of fire]
  9385 | Zot:5    | Lost mutation: You are extremely frail. (-30% HP) [an orb of fire]
  9388 | Zot:5    | Gained mutation: You are extremely frail. (-30% HP) [an orb of fire]
  9389 | Zot:5    | Gained mutation: You sometimes yell uncontrollably at your foes. [an orb of fire]
  9390 | Zot:5    | Gained mutation: You are very dopey. (Int -4) [an orb of fire]
  9395 | Zot:5    | Gained mutation: Your spells are easier to cast, but less powerful. [an orb of fire]
  9406 | Zot:5    | Gained mutation: Your spells are much easier to cast, but much less powerful. [an orb of fire]
  9409 | Zot:5    | Gained mutation: You are clumsy. (Dex -2) [an orb of fire]
  9420 | Zot:5    | Gained mutation: You frequently scream uncontrollably at your foes. [an orb of fire]
  9421 | Zot:5    | Gained mutation: You are very clumsy. (Dex -4) [an orb of fire]
  9424 | Zot:5    | Killed an orb of fire
  9427 | Zot:5    | Gained mutation: You are sometimes teleported next to monsters. [an orb of fire]
  9428 | Zot:5    | Killed an orb of fire
  9434 | Zot:5    | Killed a Killer Klown
  9442 | Zot:5    | Killed Reirghicw the pandemonium lord
  9464 | Zot:5    | Paralysed by a Zot trap for 3 turns
  9472 | Zot:5    | Noticed a Killer Klown
  9483 | Zot:5    | Noticed Reiboin the pandemonium lord
  9485 | Zot:5    | Noticed an ancient lich
  9500 | Zot:5    | Killed Reiboin the pandemonium lord
  9502 | Zot:5    | Killed an ancient lich
  9502 | Zot:5    | Reached XP level 23. HP: 154/154 MP: 13/13
  9511 | Zot:5    | Killed a Killer Klown
  9565 | Zot:4    | Noticed Ynieh the pandemonium lord
  9578 | Zot:4    | Killed Ynieh the pandemonium lord
  9663 | Zot:3    | Noticed Facur the pandemonium lord
  9673 | Zot:3    | Killed Facur the pandemonium lord
  9713 | Zot:1    | Noticed Relipal the pandemonium lord
  9738 | Zot:1    | Killed Relipal the pandemonium lord
  9914 | Depths:1 | Reached skill level 21 in Axes
  9945 | Depths:1 | Found a one-way gate to the infinite horrors of the Abyss.
 10064 | Depths:1 | Noticed a seraph
 10085 | Depths:2 | Found a one-way gate leading to the halls of Pandemonium.
 10291 | D:15     | Noticed a seraph
 10306 | D:15     | Mangled by a seraph

Vault maps used:
D:1:      scummos_arrival_forest
D:2:      elyvilon_altar_1
D:3:      kennysheep_the_goblin_king, first_ration, grunt_decor_arrowhead
D:4:      minmay_temple_entry_statues, guppyfry_early_lair_pool, uniq_grinder
D:5:      serial_shops, nicolae_shop_stone, uniq_pikel, uniq_blork_the_orc
D:6:      serial_park_tiny_1
D:7:      grunt_temple_overflow_open
D:8:      overflow_temple_1_default, serial_curves, eino_curves_03,
          eino_curves_04, eino_curves_02
D:9:      grunt_gozag_breadcrumbs, lair_entry_dummy, trog_wizard
D:11:     basic_altar
D:12:     erik_orc_3, uniq_psyche
D:13:     david_vaults_5
D:14:     kennysheep_decorative_pillar, serial_shops,
          nicolae_shop_temple_entry_statues_fountains, uniq_josephine
D:15:     gammafunk_depths_entry_grave, hangedman_decor_points
Temple:   compressed_dpeg_circular_temple
Lair:1:   uniq_harold, uniq_joseph, uniq_grum
Lair:2:   minmay_snake_entry_guardpost_small, nicolae_volcano_entry_s_turn,
          grunt_megastairs_5
Lair:3:   lemuel_oklob_altar
Lair:4:   minmay_swamp_entry_swarm
Lair:5:   minmay_slime_entry_oklob_enclosed, grunt_forest_stairs_basic,
          minmay_holes
Lair:6:   due_jungle_book, minmay_lair_oklob_chamber, lemuel_fruit_fields,
          uniq_rupert
Swamp:1:  serial_swamp_ruin, evilmike_swamp_ruin_house_3,
          evilmike_swamp_ruin_house_4, uniq_frances
Swamp:2:  portal_ice_cave_entry_pillars_2, evilmike_swamp_ruin_house_1,
          swamp_pool1, nicolae_swamp_spriggan_camp, uniq_nikola
Swamp:3:  evilmike_swamp_ruin_house_5, infiniplex_staircase_pool_2
Swamp:4:  grunt_swamp_rune_castle
Snake:1:  minmay_shop_grove, uniq_azrael
Snake:2:  guppyfry_snake_island
Snake:3:  serial_shops, bzr_entry_customers, serial_bayou_shore_a
Snake:4:  grunt_snake_rune_serpentine_throne, serial_shops, shop, shop,
          nicolae_shop_waterfront, nicolae_shop_trees, basic_altar,
          uniq_vashnia, uniq_agnes
Vaults:1: vaults_mumra_hexcomb, v_misc_22, v_pattern_2,
          nicolae_vaults_circle_grid_b, ontoclasm_vaults_shuriken, serial_shops,
          statue_bzr, nicolae_trove_entry_crossroad
Vaults:2: nicolae_vaults_circle_grid_b, v_misc_22, vaults_room_pools, v_misc_29,
          nicolae_vaults_windows_and_doors_thing,
          nicolae_vaults_stairing_the_circle, nicolae_vaults_hallways_thing,
          vaults_room_guarded_vault, vaults_room_grid,
          hangedman_vaults_capsules, nicolae_vaults_yaktaur_gun_rack,
          mu_enter_wizlab_3, uniq_sojobo
Vaults:3: v_alt_pattern_2, minmay_crypt_entry_simple_corners, v_misc_26,
          nicolae_vaults_little_squares_5, v_misc_27,
          hangedman_vaults_river_flow, nicolae_vaults_network_s,
          grunt_vaults_swirl, v_misc_23, nicolae_vaults_statue_guard,
          serial_shops, shop
Vaults:4: v_misc_9, v_misc_9, nicolae_vaults_twisting_passages,
          hangedman_vaults_variations, nicolae_vaults_branching_niches,
          ontoclasm_vaults_spin, nicolae_vaults_three_branches,
          ontoclasm_vaults_idyll, vaults_room_pool,
          nicolae_vaults_ring_of_whatevers, vaults_dpeg_encased_lava,
          ontoclasm_vaults_twist, serial_shops, shop, basic_altar, uniq_mara
Depths:1: minmay_crystal_water, minmay_room_of_horrors, hell_entry,
          hangedman_decor_riveting, grunt_decor_cap, serial_bayou_pond_e,
          bh_walls_and_bars, uniq_saint_roka
Depths:2: evilmike_diamond_2, rand_demon_pan_entry_3,
          hangedman_abyss_entry_splay, minmay_misc_feat_secret_circle,
          pf_hell_entry_great_geh, minmay_st_funbox
Depths:3: minmay_chopped_fan, hell_entry, hangedman_glass_teeth,
          grunt_pan_entry_in_and_out
Depths:4: minmay_box_of_statues, enter_ziggurat_d, minmay_misc_feat_tiny,
          hell_entry, nicolae_abyss_entry_one_way_or_another,
          infiniplex_staircase_spiral_double, grunt_megastairs_1, uniq_jorgrun,
          uniq_enchantress
Depths:5: evilmike_zot_entry_round, grunt_hell_entry_dis_old, xom_teletrap_fun
Zot:1:    lemuel_draconian_sentries, lemuel_lake_of_fire
IceCv:    ice_cave_small_demon
Volcano:  volcano_pools

Skill      XL: |  1  2  3  4  5  6  7  8  9 10 11 12 13 14 15 16 17 18 19 20 21 22 23 |
---------------+----------------------------------------------------------------------+-----
Axes           | 3 4 5 7 8 11 14 15 16 17 18 19 20 21 | 21.2
Fighting       | 3 4 5 6 7 8 9 11 12 13 14 15 16 | 16.6
Dodging        | 4 6 8 10 12 13 14 15 16 17 | 17.4
Armour         | 5 7 8 10 11 13 14 15 16 17 18 | 18.6
Shields        | 5 8 10 11 13 14 15 16 17 18 | 18.6
Invocations    | 1 5 6 14 17 20 | 20.0
Evocations     | 9 |  9.2

Action                   |  1- 3 |  4- 6 |  7- 9 | 10-12 | 13-15 | 16-18 | 19-21 | 22-24 || total
-------------------------+-------+-------+-------+-------+-------+-------+-------+-------++-------
Melee: War axe           |    58 |    72 |    55 |       |       |       |       |       ||   185
       Battleaxe         |       |       |   143 |   140 |       |       |       |       ||   283
       Broad axe         |       |       |       |   220 |   645 |   615 |   780 |   504 ||  2764
       Peck              |       |       |       |       |       |       |    16 |       ||    16
Invok: Minor Destruction |       |       |       |     4 |       |       |       |       ||     4
       Lesser Servant of |       |       |       |     3 |     5 |       |       |       ||     8
       Major Destruction |       |       |       |     2 |       |       |       |       ||     2
       Greater Servant o |       |       |       |       |       |     8 |    13 |    13 ||    34
 Abil: Heal Wounds       |     1 |     5 |     5 |    13 |       |     1 |     7 |    27 ||    59
       Evoke Flight      |       |       |       |     1 |     5 |       |       |       ||     6
       Evoke Berserk Rag |       |       |       |       |       |       |     1 |     5 ||     6
Evoke: Wand              |       |     4 |       |    14 |     2 |    10 |     9 |     1 ||    40
       Phial of floods   |       |       |     1 |     1 |       |       |       |       ||     2
       Box of beasts     |       |       |       |       |     1 |       |     1 |       ||     2
  Use: Scroll            |     3 |     4 |     4 |     9 |    11 |    11 |    11 |     4 ||    57
       Potion            |       |     1 |     3 |     4 |     4 |    13 |    14 |     2 ||    41
 Stab: Confused          |       |       |       |       |     3 |       |     3 |       ||     6
       Sleeping          |       |       |       |       |     3 |     2 |     1 |       ||     6
       Distracted        |       |       |       |       |     2 |     7 |    11 |     4 ||    24
       Invisible         |       |       |       |       |       |       |    14 |       ||    14
       Held in net/web   |       |       |       |       |       |       |     1 |       ||     1
  Eat: Ration            |       |       |     3 |     1 |     2 |     2 |     3 |     2 ||    13
Armor: Scale mail        |    80 |    40 |    96 |    16 |       |       |       |       ||   232
       Ring mail         |       |       |       |    40 |       |       |       |       ||    40
       Chain mail        |       |       |       |    86 |       |       |       |       ||    86
       Shadow dragon sca |       |       |       |    16 |   388 |   239 |   242 |   229 ||  1114
Dodge: Dodged            |    43 |    27 |    86 |   136 |   233 |   398 |   535 |   402 ||  1860
Block: Shield            |    76 |    49 |    39 |       |       |       |       |       ||   164
       Other             |       |       |    37 |    26 |       |       |       |       ||    63
       Reflection        |       |       |     4 |     1 |    37 |    63 |    15 |       ||   120
       Large shield      |       |       |       |   252 |   917 |  1017 |  1022 |   861 ||  4069

Table legend:
 A = Spawn XP
 B = Non-spawn XP
 C = Spawn XP percentage of total XP
 D = Spawn monster count
 E = Non-spawn monster count
 F = Spawn count percentage of total count
 G = Total turns spent on level
                    A         B        C        D         E        F      G
               +---------+---------+-------+---------+---------+-------+---------
         Total |       0 |  868207 |   0.0 |       0 |    1103 |   0.0 | 10306
               +---------+---------+-------+---------+---------+-------+---------
           D:1 |       0 |      25 |   0.0 |       0 |       8 |   0.0 |    75
           D:2 |       0 |      14 |   0.0 |       0 |       5 |   0.0 |   188
           D:3 |       0 |      76 |   0.0 |       0 |      28 |   0.0 |   388
           D:4 |       0 |     594 |   0.0 |       0 |      15 |   0.0 |   191
           D:5 |       0 |     497 |   0.0 |       0 |      10 |   0.0 |   120
           D:6 |       0 |     226 |   0.0 |       0 |       3 |   0.0 |    96
           D:7 |       0 |     286 |   0.0 |       0 |       9 |   0.0 |   156
           D:8 |       0 |     140 |   0.0 |       0 |       2 |   0.0 |    22
           D:9 |       0 |    2277 |   0.0 |       0 |      21 |   0.0 |   212
          D:10 |       0 |     500 |   0.0 |       0 |      14 |   0.0 |   172
          D:11 |       0 |    3305 |   0.0 |       0 |      49 |   0.0 |   436
          D:12 |       0 |     202 |   0.0 |       0 |       3 |   0.0 |    87
          D:13 |       0 |   11949 |   0.0 |       0 |      37 |   0.0 |   361
          D:14 |       0 |   11562 |   0.0 |       0 |      26 |   0.0 |   345
          D:15 |       0 |    9321 |   0.0 |       0 |      23 |   0.0 |   145
        Lair:1 |       0 |     548 |   0.0 |       0 |       3 |   0.0 |   105
        Lair:2 |       0 |    3262 |   0.0 |       0 |      16 |   0.0 |   239
        Lair:4 |       0 |    8117 |   0.0 |       0 |      32 |   0.0 |   251
        Lair:5 |       0 |    4438 |   0.0 |       0 |      19 |   0.0 |   107
        Lair:6 |       0 |   17021 |   0.0 |       0 |      34 |   0.0 |   420
       Swamp:1 |       0 |   10181 |   0.0 |       0 |      23 |   0.0 |   210
       Swamp:2 |       0 |    2030 |   0.0 |       0 |       5 |   0.0 |    79
       Swamp:3 |       0 |    7105 |   0.0 |       0 |      18 |   0.0 |   185
       Swamp:4 |       0 |   36610 |   0.0 |       0 |      65 |   0.0 |   324
       Snake:1 |       0 |     517 |   0.0 |       0 |       1 |   0.0 |    66
       Snake:2 |       0 |    3254 |   0.0 |       0 |       6 |   0.0 |   156
       Snake:3 |       0 |   16435 |   0.0 |       0 |      32 |   0.0 |   256
       Snake:4 |       0 |   60672 |   0.0 |       0 |      80 |   0.0 |   349
      Vaults:1 |       0 |    6347 |   0.0 |       0 |      13 |   0.0 |   137
      Vaults:2 |       0 |    6101 |   0.0 |       0 |      12 |   0.0 |   118
      Vaults:3 |       0 |    1997 |   0.0 |       0 |       3 |   0.0 |    87
      Vaults:4 |       0 |   20221 |   0.0 |       0 |      35 |   0.0 |   237
      Vaults:5 |       0 |  162630 |   0.0 |       0 |     143 |   0.0 |   770
      Depths:1 |       0 |   47435 |   0.0 |       0 |      83 |   0.0 |   330
      Depths:2 |       0 |    9387 |   0.0 |       0 |       9 |   0.0 |   193
      Depths:4 |       0 |    8540 |   0.0 |       0 |       9 |   0.0 |    81
      Depths:5 |       0 |   29383 |   0.0 |       0 |      25 |   0.0 |   214
         Zot:1 |       0 |   89370 |   0.0 |       0 |      55 |   0.0 |   433
         Zot:2 |       0 |    4493 |   0.0 |       0 |       4 |   0.0 |    76
         Zot:3 |       0 |   48866 |   0.0 |       0 |      27 |   0.0 |   438
         Zot:4 |       0 |   15100 |   0.0 |       0 |       9 |   0.0 |   308
         Zot:5 |       0 |  203511 |   0.0 |       0 |      72 |   0.0 |   776
         IceCv |       0 |    1494 |   0.0 |       0 |      11 |   0.0 |   101
       Volcano |       0 |    2168 |   0.0 |       0 |       6 |   0.0 |   164
               +---------+---------+-------+---------+---------+-------+---------
